Rangers vs Canadiens

Created - 22 janvier 2022 at 16:13

Goals
1 2 3 OT1 SO T
Rangers 1 1 0 0 0 2
Canadiens 1 1 0 0 1 3
Shots
1 2 3 OT1 SO T
Rangers 11 16 8 5 3 40
Canadiens 16 9 6 3 2 34

GoalsPenalties
1st period
1. Canadiens , Auston Matthews 35 (Mitch Marner 41, Zach Hyman 28) at 10:02
2. Rangers , Ryan Reaves 8 (Alex Chiasson 5, Ryan Lindgren 26) at 18:26
Ryan Lindgren (NYR) for Tripping (Minor) at 2:23
Pierre-Luc Dubois (NYR) for Hooking (Minor) at 4:29
Jake Muzzin (MON) for Cross-checking (Minor) at 7:00
2nd period
3. Canadiens , Zach Hyman 10 (Auston Matthews 36, Mitch Marner 42) at 2:28
4. Rangers , Trevor Zegras 11 (Bowen Byram 17, Joel Kiviranta 6) at 17:01
Andrew Copp (MON) for Interference (Minor) at 10:28
Morgan Rielly (MON) for Holding (Minor) at 15:42
Ryan Reaves (NYR) for Roughing (Minor) at 15:42
Jake Muzzin (MON) for High sticking (Minor) at 19:37
3rd period
No Goal
Dylan Coghlan (NYR) for Tripping (Minor) at 10:56
Mitch Marner (MON) for Hooking (Minor) at 11:49
Overtime #1
No Goal
Shootout
Rangers, Pierre-Luc Dubois - Stopped by Frederik Andersen
Canadiens, Auston Matthews - Stopped by Keith Kinkaid
Rangers, Joel Farabee - Stopped by Frederik Andersen
Canadiens, Clayton Keller - Goal!
Rangers, Trevor Zegras - Stopped by Frederik Andersen
Goalie Stats
Keith Kinkaid (NYR), 32 saves from 34 shots - (0,941), OTL, 8-10-3, 65:00 minutes
Frederik Andersen (MON), 38 saves from 40 shots - (0,950), W, 8-3-2, 65:00 minutes
3 StarsOfficial
1 - Zach Hyman (MON)
2 - Frederik Andersen (MON)
3 - Auston Matthews (MON)
Referees : Chris Lee and Wes McCauley
Linesman : Brad Kovachik and Bryan Pancich
Game Note
Bowen Byram is injured at 15:06 of 3rd period (Right Hip)



Team Name Goals Shots Shots Attemp Shots Blocked PIM HIT PP PK FO%
Rangers 24087138170 / 4 (0%)044%
Canadiens 33475510340 / 3 (0%)056%

Rangers
Player Name POS G A P +/- PIM HIT SHT SB MP PP MP PP SHT PK MP PK SHT FO% FOT
Alex ChiassonLW/RW011100308:490:0000:0000% 0
Alexandre CarrierD0000001320:180:0002:0600% 0
Bowen ByramD0111043019:403:0620:3000% 0
Dylan CoghlanD0000200116:210:0002:0100% 0
Gabriel VilardiC0001003018:153:2712:38035% 20
Jeff SkinnerLW000-2001117:060:0002:3800% 0
Joel FarabeeLW/RW0000001019:363:2200:0000% 0
Joel KivirantaLW011102007:130:0000:0000% 0
Juuso RiikolaD0000010014:140:2201:4900% 0
Marcus JohanssonC/LW0000013021:513:2310:00067% 6
Nicolas DeslauriersLW/RW000000205:430:0000:0000% 0
Nils HoglanderLW/RW000-2012120:473:2712:130100% 1
Pat MaroonLW000000107:560:0002:13055% 11
Pierre-Luc DuboisC0000225022:113:2310:00042% 26
Ryan LindgrenD011-1233526:223:0601:1000% 0
Ryan ReavesRW1011215013:543:2300:0000% 2
Samuel GirardD0000002124:413:4412:0600% 0
Trevor ZegrasC101-1025122:033:2710:00044% 34
Canadiens
Player Name POS G A P +/- PIM HIT SHT SB MP PP MP PP SHT PK MP PK SHT FO% FOT
Adam HenriqueC/LW0000012012:232:3900:00056% 18
Andrew CoppC/LW0000201010:220:0000:00067% 3
Auston MatthewsC/LW1121008020:532:1200:00055% 31
Brandon CarloD000-2021219:050:0003:0800% 0
Brayden SchennC/LW/RW000-1041018:082:3000:00064% 22
Carson SoucyD0001030019:210:0003:1200% 0
Clayton KellerLW/RW000-1005015:412:0100:0000% 0
Colton SceviourC0000021011:560:0003:27080% 5
Jake MuzzinD000-1431119:482:3001:3400% 0
Joakim NordstromC/LW/RW0000040011:560:0003:270100% 1
John CarlsonD0001022124:512:2100:4400% 0
Jonathan HuberdeauLW000-1000019:062:1200:0000% 2
Kasperi KapanenLW/RW0000011013:450:3803:2300% 0
Matt RoyD0000020118:080:0003:3800% 0
Mitch MarnerRW0221204019:512:1120:0000% 2
Morgan RiellyD0001221021:142:2101:2400% 0
Radek FaksaC0000013011:520:0003:23047% 15
Zach HymanLW/RW1122073016:402:3900:000100% 1

Rangers

5 vs 5 Forward
Line #Left WingCenterRight WingPHYDFOFWanted %Time %Time Play
1Marcus JohanssonPierre-Luc DuboisJoel Farabee0233436%16:14
2Jeff SkinnerTrevor ZegrasNils Hoglander0233132%14:28
3Alex ChiassonGabriel VilardiRyan Reaves1312019%8:49
4Joel KivirantaPat MaroonNicolas Deslauriers2211513%5:43
5 vs 5 Defense
Line #DefenseDefensePHYDFOFWanted %Time %Time Play
1Samuel GirardBowen Byram0324039%17:46
2Ryan LindgrenAlexandre Carrier0324038%17:08
3Dylan CoghlanJuuso Riikola1402023%10:20
4Samuel GirardRyan Lindgren12200%0:00
Power Play Forward
Line #Left WingCenterRight WingPHYDFOFWanted %Time %Time Play
1Nils HoglanderTrevor ZegrasGabriel Vilardi0145050%3:27
2Marcus JohanssonPierre-Luc DuboisRyan Reaves0145050%3:23
Power Play Defense
Line #DefenseDefensePHYDFOFWanted %Time %Time Play
1Samuel GirardJoel Farabee0145055%3:44
2Bowen ByramRyan Lindgren0235045%3:06
Penalty Kill 4 Players Forward
Line #CenterWingPHYDFOFWanted %Time %Time Play
1Gabriel VilardiJeff Skinner0415054%2:38
2Pat MaroonNils Hoglander0415046%2:13
Penalty Kill 4 Players Defense
Line #DefenseDefensePHYDFOFWanted %Time %Time Play
1Ryan LindgrenDylan Coghlan0325057%2:45
2Samuel GirardAlexandre Carrier0415043%2:06
Penalty Kill 3 Players
Line #WingPHYDFOFWanted %Time %Time PlayDefenseDefensePHYDFOFWanted %Time %Time Play
1Marcus Johansson140500%0:00 Bowen ByramRyan Lindgren140500%0:00
2Pat Maroon140500%0:00 Samuel GirardAlexandre Carrier140500%0:00
4 vs 4 Forward
Line #CenterWingPHYDFOFWanted %Time %Time Play
1Trevor ZegrasJoel Kiviranta0235049%1:30
2Marcus JohanssonPierre-Luc Dubois0235051%1:35
4 vs 4 Defense
Line #DefensePHYDFOFWanted %Time %Time Play
1Alexandre CarrierBowen Byram0235035%50% - 1:04
2Ryan LindgrenDylan Coghlan0325065%50% - 2:01
Last Minutes Offensive
Left WingCenterRight WingDefenseDefense
Joel FarabeePierre-Luc DuboisJeff SkinnerTrevor ZegrasSamuel Girard
Last Minutes Defensive
Left WingCenterRight WingDefenseDefense
Gabriel VilardiMarcus JohanssonRyan ReavesRyan LindgrenAlexandre Carrier
Time
Total ForwardTotal DefenseLast Minutes OffensiveLast Minutes Defensive
60:00 60:00 0:000:00
Extra Forwards
Normal PowerPlayPenalty Kill
Trevor Zegras, Joel Farabee, Nils HoglanderPierre-Luc Dubois, Pat MaroonNicolas Deslauriers
Extra Defensemen
Normal PowerPlayPenalty Kill
Ryan Lindgren, Samuel Girard, Bowen ByramAlexandre Carrier, Dylan CoghlanJuuso Riikola
Penalty Shots
Pierre-Luc Dubois, Joel Farabee, Trevor Zegras, Nils Hoglander, Ryan Lindgren
Goalie
Keith Kinkaid, Igor Shesterkin
Custom OT Lines Forwards
Gabriel Vilardi, Trevor Zegras, Ryan Reaves, Pierre-Luc Dubois, Nils Hoglander, Marcus Johansson, Pat Maroon, Joel Kiviranta, Joel Farabee, Jeff Skinner
Custom OT Lines Defensemen
Bowen Byram, Ryan Lindgren, Dylan Coghlan, Samuel Girard, Juuso Riikola
Scratches
Wayne Simmonds (Healthy), Kyle Okposo (Healthy), Darren Raddysh (Healthy)

Canadiens

5 vs 5 Forward
Line #Left WingCenterRight WingPHYDFOFWanted %Time %Time Play
1Zach HymanAuston MatthewsMitch Marner0233031%14:01
2Jonathan HuberdeauBrayden SchennClayton Keller0322829%13:00
3Andrew CoppAdam HenriqueKasperi Kapanen0322222%9:44
4Colton SceviourRadek FaksaJoakim Nordstrom1222019%8:29
5 vs 5 Defense
Line #DefenseDefensePHYDFOFWanted %Time %Time Play
1John CarlsonCarson Soucy0233431%14:14
2Jake MuzzinBrandon Carlo0323333%15:07
3Matt RoyMorgan Rielly1223329%13:20
4John CarlsonMorgan Rielly12206%2:33
Power Play Forward
Line #Left WingCenterRight WingPHYDFOFWanted %Time %Time Play
1Jonathan HuberdeauAuston MatthewsMitch Marner0145045%2:12
2Zach HymanAdam HenriqueClayton Keller0145055%2:39
Power Play Defense
Line #DefenseDefensePHYDFOFWanted %Time %Time Play
1John CarlsonMorgan Rielly0145048%2:21
2Jake MuzzinBrayden Schenn0145052%2:30
Penalty Kill 4 Players Forward
Line #CenterWingPHYDFOFWanted %Time %Time Play
1Radek FaksaKasperi Kapanen0415050%3:23
2Colton SceviourJoakim Nordstrom0415050%3:27
Penalty Kill 4 Players Defense
Line #DefenseDefensePHYDFOFWanted %Time %Time Play
1Jake MuzzinMatt Roy0415053%3:38
2Brandon CarloCarson Soucy0415047%3:12
Penalty Kill 3 Players
Line #WingPHYDFOFWanted %Time %Time PlayDefenseDefensePHYDFOFWanted %Time %Time Play
1Radek Faksa050500%0:00 Carson SoucyBrandon Carlo050500%0:00
2Andrew Copp050500%0:00 Jake MuzzinMatt Roy050500%0:00
4 vs 4 Forward
Line #CenterWingPHYDFOFWanted %Time %Time Play
1Auston MatthewsMitch Marner0235049%1:30
2Brayden SchennJonathan Huberdeau0235051%1:35
4 vs 4 Defense
Line #DefensePHYDFOFWanted %Time %Time Play
1John CarlsonCarson Soucy0325062%50% - 1:55
2Matt RoyMorgan Rielly0325038%50% - 1:10
Last Minutes Offensive
Left WingCenterRight WingDefenseDefense
Jonathan HuberdeauAuston MatthewsMitch MarnerJohn CarlsonMorgan Rielly
Last Minutes Defensive
Left WingCenterRight WingDefenseDefense
Andrew CoppRadek FaksaJoakim NordstromJake MuzzinBrandon Carlo
Time
Total ForwardTotal DefenseLast Minutes OffensiveLast Minutes Defensive
60:00 60:00 0:000:00
Extra Forwards
Normal PowerPlayPenalty Kill
Clayton Keller, Kasperi Kapanen, Radek FaksaClayton Keller, Kasperi KapanenColton Sceviour
Extra Defensemen
Normal PowerPlayPenalty Kill
Matt Roy, Carson Soucy, Brandon CarloCarson Soucy, Morgan RiellyJohn Carlson
Penalty Shots
Auston Matthews, Clayton Keller, Jonathan Huberdeau, Kasperi Kapanen, Zach Hyman
Goalie
Frederik Andersen, Cam Talbot
Custom OT Lines Forwards
Auston Matthews, Mitch Marner, Jonathan Huberdeau, Brayden Schenn, Andrew Copp, Clayton Keller, Zach Hyman, Radek Faksa, Kasperi Kapanen, Adam Henrique
Custom OT Lines Defensemen
John Carlson, Morgan Rielly, Jake Muzzin, Brandon Carlo, Matt Roy
Scratches
Egor Korshkov (Healthy), T.J. Brodie (Healthy), Lucas Wallmark (Healthy)


Play-by-Play

1st period


0:01 of 1st period - Auston Matthews wins face-off versus Pierre-Luc Dubois in neutral zone.
0:06 of 1st period - Shot by Auston Matthews.
0:06 of 1st period - Shot Misses the Net.
0:08 of 1st period - Shot by Auston Matthews.
0:08 of 1st period - Stopped by Keith Kinkaid without a rebound.
0:09 of 1st period - Trevor Zegras wins face-off versus Brayden Schenn in Rangers zone.
0:19 of 1st period - Off-side.
0:20 of 1st period - Adam Henrique wins face-off versus Ryan Reaves in neutral zone.
0:45 of 1st period - Shot by Alex Chiasson.
0:45 of 1st period - Stopped by Frederik Andersen without a rebound.
0:46 of 1st period - Pat Maroon wins face-off versus Radek Faksa in Canadiens zone.
1:06 of 1st period - Shot by Radek Faksa.
1:06 of 1st period - Stopped by Keith Kinkaid with a rebound.
1:51 of 1st period - Shot by Auston Matthews.
1:51 of 1st period - Stopped by Keith Kinkaid with a rebound.
2:01 of 1st period - Shot by Mitch Marner.
2:01 of 1st period - Shot Misses the Net.
2:05 of 1st period - Shot by Zach Hyman.
2:05 of 1st period - Shot Misses the Net.
2:07 of 1st period - Shot by Jake Muzzin.
2:07 of 1st period - Stopped by Keith Kinkaid with a rebound.
2:22 of 1st period - Icing by Joel Farabee.
2:23 of 1st period - Brayden Schenn wins face-off versus Pierre-Luc Dubois in Rangers zone.
2:23 of 1st period - Minor Penalty to Ryan Lindgren for Tripping.
2:24 of 1st period - Gabriel Vilardi wins face-off versus Adam Henrique in Rangers zone.
2:24 of 1st period - Gabriel Vilardi is hit by Zach Hyman.
3:17 of 1st period - Shot by Jake Muzzin.
3:17 of 1st period - Shot Misses the Net.
3:29 of 1st period - Shot by Auston Matthews.
3:29 of 1st period - Shot Misses the Net.
3:31 of 1st period - Shot by Brayden Schenn.
3:31 of 1st period - Shot Blocked by Alexandre Carrier.
3:33 of 1st period - Shot by Mitch Marner.
3:33 of 1st period - Stopped by Keith Kinkaid without a rebound.
3:34 of 1st period - Auston Matthews wins face-off versus Pat Maroon in Rangers zone.
3:35 of 1st period - Shot by Mitch Marner.
3:35 of 1st period - Stopped by Keith Kinkaid without a rebound.
3:36 of 1st period - Auston Matthews wins face-off versus Pat Maroon in Rangers zone.
4:29 of 1st period - Minor Penalty to Pierre-Luc Dubois for Hooking.
4:30 of 1st period - Gabriel Vilardi wins face-off versus Adam Henrique in Rangers zone.
4:30 of 1st period - Gabriel Vilardi is hit by Zach Hyman.
5:26 of 1st period - Icing by Clayton Keller.
5:27 of 1st period - Adam Henrique wins face-off versus Gabriel Vilardi in Canadiens zone.
6:17 of 1st period - Off-side.
6:18 of 1st period - Auston Matthews wins face-off versus Pat Maroon in neutral zone.
6:22 of 1st period - Off-side.
6:23 of 1st period - Adam Henrique wins face-off versus Pat Maroon in neutral zone.
6:48 of 1st period - Shot by Radek Faksa.
6:48 of 1st period - Stopped by Keith Kinkaid without a rebound.
6:49 of 1st period - Adam Henrique wins face-off versus Trevor Zegras in Rangers zone.
6:59 of 1st period - Nils Hoglander is hit by Jake Muzzin and loses puck.
7:00 of 1st period - Minor Penalty to Jake Muzzin for Cross-checking.
7:01 of 1st period - Colton Sceviour wins face-off versus Pierre-Luc Dubois in Canadiens zone.
7:26 of 1st period - Shot by Joel Farabee.
7:26 of 1st period - Shot Misses the Net.
9:25 of 1st period - Shot by Joel Kiviranta.
9:25 of 1st period - Shot Misses the Net.
9:38 of 1st period - Shot by Nicolas Deslauriers.
9:38 of 1st period - Stopped by Frederik Andersen without a rebound.
9:39 of 1st period - Trevor Zegras wins face-off versus Auston Matthews in Canadiens zone.
9:54 of 1st period - Shot by Jeff Skinner.
9:54 of 1st period - Shot Misses the Net.
10:02 of 1st period - Shot by Auston Matthews.
10:02 of 1st period - Goal by Auston Matthews - Rangers : 0 - Canadiens : 1.
10:03 of 1st period - Pierre-Luc Dubois wins face-off versus Adam Henrique in neutral zone.
10:06 of 1st period - Andrew Copp is hit by Pierre-Luc Dubois and loses puck.
10:33 of 1st period - Shot by Adam Henrique.
10:33 of 1st period - Stopped by Keith Kinkaid without a rebound.
10:34 of 1st period - Brayden Schenn wins face-off versus Gabriel Vilardi in Rangers zone.
10:57 of 1st period - Shot by Jonathan Huberdeau.
10:57 of 1st period - Shot Misses the Net.
11:14 of 1st period - Icing by Juuso Riikola.
11:15 of 1st period - Zach Hyman wins face-off versus Gabriel Vilardi in Rangers zone.
11:22 of 1st period - Shot by Zach Hyman.
11:22 of 1st period - Stopped by Keith Kinkaid without a rebound.
11:23 of 1st period - Auston Matthews wins face-off versus Trevor Zegras in Rangers zone.
11:37 of 1st period - Shot by Zach Hyman.
11:37 of 1st period - Stopped by Keith Kinkaid with a rebound.
11:41 of 1st period - Shot by Mitch Marner.
11:41 of 1st period - Shot Misses the Net.
11:53 of 1st period - Shot by Auston Matthews.
11:53 of 1st period - Shot Misses the Net.
11:55 of 1st period - Shot by Matt Roy.
11:55 of 1st period - Shot Blocked by Alexandre Carrier.
11:57 of 1st period - Shot by Mitch Marner.
11:57 of 1st period - Shot Misses the Net.
11:59 of 1st period - Shot by Morgan Rielly.
11:59 of 1st period - Stopped by Keith Kinkaid with a rebound.
12:01 of 1st period - Shot by Matt Roy.
12:01 of 1st period - Shot Misses the Net.
12:05 of 1st period - Shot by Mitch Marner.
12:05 of 1st period - Shot Misses the Net.
12:07 of 1st period - Shot by Matt Roy.
12:07 of 1st period - Shot Blocked by Ryan Lindgren.
12:28 of 1st period - Brayden Schenn is hit by Bowen Byram and loses puck.
12:43 of 1st period - Shot by Marcus Johansson.
12:43 of 1st period - Shot Misses the Net.
12:45 of 1st period - Shot by Pierre-Luc Dubois.
12:45 of 1st period - Stopped by Frederik Andersen with a rebound.
13:16 of 1st period - Icing by Gabriel Vilardi.
13:17 of 1st period - Gabriel Vilardi wins face-off versus Adam Henrique in Rangers zone.
13:24 of 1st period - Shot by Ryan Reaves.
13:24 of 1st period - Stopped by Frederik Andersen with a rebound.
13:26 of 1st period - Shot by Alex Chiasson.
13:26 of 1st period - Shot Blocked by John Carlson.
13:32 of 1st period - Shot by Ryan Reaves.
13:32 of 1st period - Deflect By Alex Chiasson.
13:32 of 1st period - Stopped by Frederik Andersen without a rebound.
13:33 of 1st period - Pat Maroon wins face-off versus Auston Matthews in Canadiens zone.
14:35 of 1st period - Shot by Nils Hoglander.
14:35 of 1st period - Shot Blocked by Matt Roy.
14:45 of 1st period - Mitch Marner is hit by Trevor Zegras and loses puck.
15:23 of 1st period - Joel Farabee is hit by Joakim Nordstrom and loses puck.
15:30 of 1st period - Shot by Marcus Johansson.
15:30 of 1st period - Stopped by Frederik Andersen without a rebound.
15:31 of 1st period - Adam Henrique wins face-off versus Ryan Reaves in Canadiens zone.
15:58 of 1st period - Shot by Alex Chiasson.
15:58 of 1st period - Shot Misses the Net.
16:08 of 1st period - Shot by Gabriel Vilardi.
16:08 of 1st period - Shot Misses the Net.
16:10 of 1st period - Shot by Ryan Lindgren.
16:10 of 1st period - Stopped by Frederik Andersen without a rebound.
16:11 of 1st period - Brayden Schenn wins face-off versus Pierre-Luc Dubois in Canadiens zone.
16:30 of 1st period - Shot by Clayton Keller.
16:30 of 1st period - Stopped by Keith Kinkaid without a rebound.
16:31 of 1st period - Joakim Nordstrom wins face-off versus Trevor Zegras in Rangers zone.
16:34 of 1st period - Shot by Carson Soucy.
16:34 of 1st period - Shot Misses the Net.
16:36 of 1st period - Shot by Radek Faksa.
16:36 of 1st period - Stopped by Keith Kinkaid with a rebound.
16:38 of 1st period - Shot by Colton Sceviour.
16:38 of 1st period - Stopped by Keith Kinkaid with a rebound.
18:20 of 1st period - Shot by Ryan Reaves.
18:20 of 1st period - Stopped by Frederik Andersen with a rebound.
18:22 of 1st period - Shot by Ryan Lindgren.
18:22 of 1st period - Shot Misses the Net.
18:24 of 1st period - Shot by Alex Chiasson.
18:24 of 1st period - Shot Misses the Net.
18:26 of 1st period - Shot by Ryan Reaves.
18:26 of 1st period - Goal by Ryan Reaves - Rangers : 1 - Canadiens : 1.
18:27 of 1st period - Pat Maroon wins face-off versus Adam Henrique in neutral zone.
18:30 of 1st period - Shot by Nicolas Deslauriers.
18:30 of 1st period - Deflect By Pat Maroon.
18:30 of 1st period - Shot Misses the Net.
18:32 of 1st period - Shot by Nicolas Deslauriers.
18:32 of 1st period - Shot Misses the Net.
18:34 of 1st period - Shot by Ryan Lindgren.
18:34 of 1st period - Deflect By Pat Maroon.
18:34 of 1st period - Shot Misses the Net.
18:41 of 1st period - Shot by Pat Maroon.
18:41 of 1st period - Shot Misses the Net.
18:43 of 1st period - Shot by Alexandre Carrier.
18:43 of 1st period - Stopped by Frederik Andersen with a rebound.
18:45 of 1st period - Shot by Pat Maroon.
18:45 of 1st period - Stopped by Frederik Andersen without a rebound.
18:46 of 1st period - Auston Matthews wins face-off versus Trevor Zegras in Canadiens zone.
18:58 of 1st period - Shot by Nils Hoglander.
18:58 of 1st period - Shot Misses the Net.
19:12 of 1st period - Shot by Auston Matthews.
19:12 of 1st period - Stopped by Keith Kinkaid without a rebound.
19:13 of 1st period - Pierre-Luc Dubois wins face-off versus Adam Henrique in Rangers zone.
19:13 of 1st period - Pierre-Luc Dubois is hit by Kasperi Kapanen.
19:26 of 1st period - Off-side.
19:27 of 1st period - Radek Faksa wins face-off versus Gabriel Vilardi in neutral zone.
19:29 of 1st period - Jake Muzzin is hit by Bowen Byram and loses puck.
19:39 of 1st period - Off-side.
19:40 of 1st period - Trevor Zegras wins face-off versus Adam Henrique in neutral zone.
19:44 of 1st period - Icing by Adam Henrique.
19:45 of 1st period - Andrew Copp wins face-off versus Pierre-Luc Dubois in Canadiens zone.
19:55 of 1st period - Kasperi Kapanen is hit by Ryan Lindgren and loses puck.
Goals for this period are 1 for Rangers vs 1 for Canadiens.
Shots for this period are 11 for Rangers vs 16 for Canadiens.

2nd period


0:01 of 2nd period - Brayden Schenn wins face-off versus Trevor Zegras in neutral zone.
0:03 of 2nd period - Off-side.
0:04 of 2nd period - Trevor Zegras wins face-off versus Brayden Schenn in neutral zone.
0:31 of 2nd period - Shot by Clayton Keller.
0:31 of 2nd period - Stopped by Keith Kinkaid without a rebound.
0:32 of 2nd period - Pierre-Luc Dubois wins face-off versus Mitch Marner in Rangers zone.
0:32 of 2nd period - Pierre-Luc Dubois is hit by Zach Hyman.
0:54 of 2nd period - Shot by Joel Farabee.
0:54 of 2nd period - Shot Misses the Net.
0:56 of 2nd period - Shot by Joel Farabee.
0:56 of 2nd period - Stopped by Frederik Andersen without a rebound.
0:57 of 2nd period - Radek Faksa wins face-off versus Trevor Zegras in Canadiens zone.
1:29 of 2nd period - Shot by Radek Faksa.
1:29 of 2nd period - Shot Blocked by Alexandre Carrier.
1:31 of 2nd period - Shot by Brandon Carlo.
1:31 of 2nd period - Stopped by Keith Kinkaid with a rebound.
1:33 of 2nd period - Shot by Radek Faksa.
1:33 of 2nd period - Shot Misses the Net.
1:35 of 2nd period - Shot by Radek Faksa.
1:35 of 2nd period - Shot Misses the Net.
2:00 of 2nd period - Icing by Ryan Lindgren.
2:01 of 2nd period - Auston Matthews wins face-off versus Trevor Zegras in Rangers zone.
2:26 of 2nd period - Shot by Auston Matthews.
2:26 of 2nd period - Shot Blocked by Ryan Lindgren.
2:28 of 2nd period - Shot by Zach Hyman.
2:28 of 2nd period - Goal by Zach Hyman - Rangers : 1 - Canadiens : 2.
2:29 of 2nd period - Brayden Schenn wins face-off versus Pierre-Luc Dubois in neutral zone.
2:29 of 2nd period - John Carlson is hit by Pierre-Luc Dubois and loses puck.
2:36 of 2nd period - Shot by Samuel Girard.
2:36 of 2nd period - Shot Misses the Net.
2:46 of 2nd period - Shot by Pierre-Luc Dubois.
2:46 of 2nd period - Stopped by Frederik Andersen without a rebound.
2:47 of 2nd period - Gabriel Vilardi wins face-off versus Andrew Copp in Canadiens zone.
2:47 of 2nd period - Gabriel Vilardi is hit by Jake Muzzin.
3:19 of 2nd period - Shot by Alex Chiasson.
3:19 of 2nd period - Shot Misses the Net.
3:21 of 2nd period - Shot by Ryan Reaves.
3:21 of 2nd period - Shot Misses the Net.
3:23 of 2nd period - Shot by Dylan Coghlan.
3:23 of 2nd period - Shot Misses the Net.
3:25 of 2nd period - Shot by Alex Chiasson.
3:25 of 2nd period - Stopped by Frederik Andersen without a rebound.
3:26 of 2nd period - Brayden Schenn wins face-off versus Pierre-Luc Dubois in Canadiens zone.
3:31 of 2nd period - Samuel Girard is hit by Brayden Schenn and loses puck.
4:30 of 2nd period - Shot by Auston Matthews.
4:30 of 2nd period - Stopped by Keith Kinkaid without a rebound.
4:31 of 2nd period - Trevor Zegras wins face-off versus Radek Faksa in Rangers zone.
4:31 of 2nd period - Trevor Zegras is hit by Joakim Nordstrom.
4:43 of 2nd period - Off-side.
4:44 of 2nd period - Auston Matthews wins face-off versus Gabriel Vilardi in neutral zone.
4:59 of 2nd period - Shot by Gabriel Vilardi.
4:59 of 2nd period - Stopped by Frederik Andersen without a rebound.
5:00 of 2nd period - Adam Henrique wins face-off versus Trevor Zegras in Canadiens zone.
5:15 of 2nd period - Icing by Ryan Lindgren.
5:16 of 2nd period - Trevor Zegras wins face-off versus Auston Matthews in Rangers zone.
5:16 of 2nd period - Trevor Zegras is hit by Zach Hyman.
5:32 of 2nd period - Shot by Jeff Skinner.
5:32 of 2nd period - Shot Misses the Net.
5:34 of 2nd period - Shot by Nils Hoglander.
5:34 of 2nd period - Shot Misses the Net.
5:36 of 2nd period - Shot by Ryan Lindgren.
5:36 of 2nd period - Stopped by Frederik Andersen without a rebound.
5:37 of 2nd period - Marcus Johansson wins face-off versus Radek Faksa in Canadiens zone.
5:37 of 2nd period - Pierre-Luc Dubois is hit by Brandon Carlo and loses puck.
5:45 of 2nd period - Pierre-Luc Dubois is hit by Jake Muzzin and loses puck.
6:31 of 2nd period - Joel Farabee is hit by Brayden Schenn and loses puck.
6:40 of 2nd period - Shot by Clayton Keller.
6:40 of 2nd period - Shot Misses the Net.
6:51 of 2nd period - Icing by Samuel Girard.
6:52 of 2nd period - Pierre-Luc Dubois wins face-off versus Auston Matthews in Rangers zone.
6:52 of 2nd period - Pierre-Luc Dubois is hit by Zach Hyman.
7:29 of 2nd period - Shot by Nils Hoglander.
7:29 of 2nd period - Deflect By Trevor Zegras.
7:29 of 2nd period - Stopped by Frederik Andersen without a rebound.
7:30 of 2nd period - Adam Henrique wins face-off versus Gabriel Vilardi in Canadiens zone.
7:30 of 2nd period - Adam Henrique is hit by Ryan Reaves.
7:49 of 2nd period - Andrew Copp is hit by Juuso Riikola and loses puck.
7:52 of 2nd period - Shot by Andrew Copp.
7:52 of 2nd period - Stopped by Keith Kinkaid with a rebound.
7:54 of 2nd period - Shot by Kasperi Kapanen.
7:54 of 2nd period - Shot Misses the Net.
7:56 of 2nd period - Shot by Kasperi Kapanen.
7:56 of 2nd period - Shot Misses the Net.
7:58 of 2nd period - Shot by Kasperi Kapanen.
7:58 of 2nd period - Stopped by Keith Kinkaid without a rebound.
7:59 of 2nd period - Brayden Schenn wins face-off versus Trevor Zegras in Rangers zone.
8:00 of 2nd period - Shot by Clayton Keller.
8:00 of 2nd period - Stopped by Keith Kinkaid without a rebound.
8:01 of 2nd period - Pat Maroon wins face-off versus Brayden Schenn in Rangers zone.
8:23 of 2nd period - Jonathan Huberdeau is hit by Ryan Lindgren and loses puck.
8:37 of 2nd period - Icing by Joel Kiviranta.
8:38 of 2nd period - Pat Maroon wins face-off versus Auston Matthews in Rangers zone.
8:44 of 2nd period - Off-side.
8:45 of 2nd period - Auston Matthews wins face-off versus Pierre-Luc Dubois in neutral zone.
9:22 of 2nd period - Samuel Girard is hit by Zach Hyman and loses puck.
9:32 of 2nd period - Samuel Girard is hit by Zach Hyman and loses puck.
10:28 of 2nd period - Minor Penalty to Andrew Copp for Interference.
10:29 of 2nd period - Colton Sceviour wins face-off versus Pierre-Luc Dubois in Canadiens zone.
11:19 of 2nd period - Shot by Trevor Zegras.
11:19 of 2nd period - Stopped by Frederik Andersen with a rebound.
11:21 of 2nd period - Shot by Bowen Byram.
11:21 of 2nd period - Stopped by Frederik Andersen without a rebound.
11:22 of 2nd period - Trevor Zegras wins face-off versus Colton Sceviour in Canadiens zone.
11:25 of 2nd period - Shot by Ryan Lindgren.
11:25 of 2nd period - Shot Misses the Net.
11:27 of 2nd period - Shot by Trevor Zegras.
11:27 of 2nd period - Shot Blocked by Brandon Carlo.
11:29 of 2nd period - Shot by Ryan Lindgren.
11:29 of 2nd period - Shot Misses the Net.
11:31 of 2nd period - Shot by Gabriel Vilardi.
11:31 of 2nd period - Shot Misses the Net.
11:33 of 2nd period - Shot by Gabriel Vilardi.
11:33 of 2nd period - Stopped by Frederik Andersen without a rebound.
11:34 of 2nd period - Trevor Zegras wins face-off versus Radek Faksa in Canadiens zone.
11:39 of 2nd period - Shot by Nils Hoglander.
11:39 of 2nd period - Shot Misses the Net.
11:53 of 2nd period - Shot by Nils Hoglander.
11:53 of 2nd period - Stopped by Frederik Andersen with a rebound.
12:35 of 2nd period - Shot by Pat Maroon.
12:35 of 2nd period - Shot Misses the Net.
12:38 of 2nd period - Icing by Morgan Rielly.
12:39 of 2nd period - Pat Maroon wins face-off versus Brayden Schenn in Canadiens zone.
12:40 of 2nd period - Shot by Nicolas Deslauriers.
12:40 of 2nd period - Shot Misses the Net.
13:14 of 2nd period - Shot by Brayden Schenn.
13:14 of 2nd period - Stopped by Keith Kinkaid without a rebound.
13:15 of 2nd period - Radek Faksa wins face-off versus Pierre-Luc Dubois in Rangers zone.
13:45 of 2nd period - Shot by Joel Farabee.
13:45 of 2nd period - Shot Misses the Net.
14:28 of 2nd period - Shot by Gabriel Vilardi.
14:28 of 2nd period - Stopped by Frederik Andersen without a rebound.
14:29 of 2nd period - Trevor Zegras wins face-off versus Auston Matthews in Canadiens zone.
14:29 of 2nd period - Trevor Zegras is hit by Carson Soucy.
14:35 of 2nd period - Shot by Nils Hoglander.
14:35 of 2nd period - Stopped by Frederik Andersen without a rebound.
14:36 of 2nd period - Trevor Zegras wins face-off versus Jonathan Huberdeau in Canadiens zone.
14:46 of 2nd period - Clayton Keller is hit by Trevor Zegras and loses puck.
14:58 of 2nd period - Clayton Keller is hit by Nils Hoglander and loses puck.
15:15 of 2nd period - Shot by Jeff Skinner.
15:15 of 2nd period - Stopped by Frederik Andersen without a rebound.
15:16 of 2nd period - Gabriel Vilardi wins face-off versus Auston Matthews in Canadiens zone.
15:17 of 2nd period - Shot by Samuel Girard.
15:17 of 2nd period - Shot Misses the Net.
15:42 of 2nd period - Minor Penalty to Morgan Rielly for Holding.
15:42 of 2nd period - Minor Penalty to Ryan Reaves for Roughing.
15:43 of 2nd period - Marcus Johansson wins face-off versus Brayden Schenn in Canadiens zone.
15:56 of 2nd period - Brayden Schenn is hit by Marcus Johansson and loses puck.
16:05 of 2nd period - Shot by Marcus Johansson.
16:05 of 2nd period - Shot Misses the Net.
16:20 of 2nd period - Marcus Johansson is hit by Carson Soucy and loses puck.
16:41 of 2nd period - Shot by Bowen Byram.
16:41 of 2nd period - Stopped by Frederik Andersen without a rebound.
16:42 of 2nd period - Trevor Zegras wins face-off versus Auston Matthews in Canadiens zone.
16:45 of 2nd period - Shot by Trevor Zegras.
16:45 of 2nd period - Shot Misses the Net.
16:53 of 2nd period - Shot by Auston Matthews.
16:53 of 2nd period - Stopped by Keith Kinkaid without a rebound.
16:54 of 2nd period - Trevor Zegras wins face-off versus Auston Matthews in Rangers zone.
17:01 of 2nd period - Shot by Trevor Zegras.
17:01 of 2nd period - Goal by Trevor Zegras - Rangers : 2 - Canadiens : 2.
17:02 of 2nd period - Marcus Johansson wins face-off versus Auston Matthews in neutral zone.
17:06 of 2nd period - Pierre-Luc Dubois is hit by Brandon Carlo and loses puck.
17:31 of 2nd period - Shot by Marcus Johansson.
17:31 of 2nd period - Stopped by Frederik Andersen without a rebound.
17:32 of 2nd period - Brayden Schenn wins face-off versus Trevor Zegras in Canadiens zone.
17:32 of 2nd period - Brayden Schenn is hit by Joel Kiviranta.
19:37 of 2nd period - Minor Penalty to Jake Muzzin for High sticking.
19:38 of 2nd period - Colton Sceviour wins face-off versus Trevor Zegras in Canadiens zone.
19:48 of 2nd period - Trevor Zegras is hit by Matt Roy and loses puck.
Goals for this period are 1 for Rangers vs 1 for Canadiens.
Shots for this period are 16 for Rangers vs 9 for Canadiens.

3rd period


0:01 of 3rd period - Marcus Johansson wins face-off versus Radek Faksa in neutral zone.
0:04 of 3rd period - Shot by Ryan Lindgren.
0:04 of 3rd period - Shot Misses the Net.
0:06 of 3rd period - Shot by Bowen Byram.
0:06 of 3rd period - Stopped by Frederik Andersen without a rebound.
0:07 of 3rd period - Radek Faksa wins face-off versus Pierre-Luc Dubois in Canadiens zone.
0:16 of 3rd period - Ryan Reaves is hit by Colton Sceviour and loses puck.
0:22 of 3rd period - Icing by Bowen Byram.
0:23 of 3rd period - Pierre-Luc Dubois wins face-off versus Radek Faksa in Rangers zone.
0:28 of 3rd period - Shot by Pierre-Luc Dubois.
0:28 of 3rd period - Deflect By Marcus Johansson.
0:28 of 3rd period - Stopped by Frederik Andersen without a rebound.
0:29 of 3rd period - Radek Faksa wins face-off versus Trevor Zegras in Canadiens zone.
0:52 of 3rd period - Shot by Joel Farabee.
0:52 of 3rd period - Shot Blocked by Brandon Carlo.
1:29 of 3rd period - Bowen Byram is hit by Morgan Rielly and loses puck.
1:36 of 3rd period - Shot by Ryan Reaves.
1:36 of 3rd period - Deflect By Pierre-Luc Dubois.
1:36 of 3rd period - Shot Misses the Net.
1:59 of 3rd period - Shot by Clayton Keller.
1:59 of 3rd period - Stopped by Keith Kinkaid without a rebound.
2:00 of 3rd period - Auston Matthews wins face-off versus Pierre-Luc Dubois in Rangers zone.
2:31 of 3rd period - Icing by Marcus Johansson.
2:32 of 3rd period - Pierre-Luc Dubois wins face-off versus Brayden Schenn in Rangers zone.
2:32 of 3rd period - Pierre-Luc Dubois is hit by Brayden Schenn.
3:37 of 3rd period - Icing by Jeff Skinner.
3:38 of 3rd period - Adam Henrique wins face-off versus Trevor Zegras in Rangers zone.
3:39 of 3rd period - Shot by Andrew Copp.
3:39 of 3rd period - Deflect By Adam Henrique.
3:39 of 3rd period - Stopped by Keith Kinkaid with a rebound.
4:17 of 3rd period - Dylan Coghlan is hit by Adam Henrique and loses puck.
4:29 of 3rd period - Icing by Dylan Coghlan.
4:30 of 3rd period - Radek Faksa wins face-off versus Gabriel Vilardi in Rangers zone.
5:57 of 3rd period - Off-side.
5:58 of 3rd period - Brayden Schenn wins face-off versus Trevor Zegras in neutral zone.
6:06 of 3rd period - Jonathan Huberdeau is hit by Bowen Byram and loses puck.
6:17 of 3rd period - Shot by Clayton Keller.
6:17 of 3rd period - Shot Blocked by Samuel Girard.
6:35 of 3rd period - Shot by Jeff Skinner.
6:35 of 3rd period - Shot Misses the Net.
6:37 of 3rd period - Shot by Samuel Girard.
6:37 of 3rd period - Shot Misses the Net.
7:07 of 3rd period - Icing by Alex Chiasson.
7:08 of 3rd period - Adam Henrique wins face-off versus Gabriel Vilardi in Rangers zone.
8:11 of 3rd period - Shot by Pierre-Luc Dubois.
8:11 of 3rd period - Shot Misses the Net.
8:13 of 3rd period - Shot by Joel Farabee.
8:13 of 3rd period - Deflect By Pierre-Luc Dubois.
8:13 of 3rd period - Stopped by Frederik Andersen without a rebound.
8:14 of 3rd period - Trevor Zegras wins face-off versus Radek Faksa in Canadiens zone.
8:14 of 3rd period - Trevor Zegras is hit by Morgan Rielly.
8:23 of 3rd period - Off-side.
8:24 of 3rd period - Pierre-Luc Dubois wins face-off versus Mitch Marner in neutral zone.
8:54 of 3rd period - Shot by Mitch Marner.
8:54 of 3rd period - Stopped by Keith Kinkaid without a rebound.
8:55 of 3rd period - Brayden Schenn wins face-off versus Trevor Zegras in Rangers zone.
8:55 of 3rd period - Brayden Schenn is hit by Bowen Byram.
9:06 of 3rd period - Trevor Zegras is hit by Matt Roy and loses puck.
9:39 of 3rd period - Icing by Morgan Rielly.
9:40 of 3rd period - Brayden Schenn wins face-off versus Pierre-Luc Dubois in Canadiens zone.
10:55 of 3rd period - Shot by John Carlson.
10:55 of 3rd period - Stopped by Keith Kinkaid with a rebound.
10:56 of 3rd period - Minor Penalty to Dylan Coghlan for Tripping.
10:57 of 3rd period - Adam Henrique wins face-off versus Pat Maroon in Rangers zone.
11:48 of 3rd period - Shot by Auston Matthews.
11:48 of 3rd period - Shot Misses the Net.
11:49 of 3rd period - Minor Penalty to Mitch Marner for Hooking.
11:50 of 3rd period - Auston Matthews wins face-off versus Trevor Zegras in Canadiens zone.
11:50 of 3rd period - Auston Matthews is hit by Joel Kiviranta.
12:09 of 3rd period - Shot by Joel Kiviranta.
12:09 of 3rd period - Deflect By Trevor Zegras.
12:09 of 3rd period - Stopped by Frederik Andersen without a rebound.
12:10 of 3rd period - Auston Matthews wins face-off versus Marcus Johansson in Canadiens zone.
12:29 of 3rd period - Shot by Auston Matthews.
12:29 of 3rd period - Deflect By Clayton Keller.
12:29 of 3rd period - Stopped by Keith Kinkaid without a rebound.
12:30 of 3rd period - Brayden Schenn wins face-off versus Trevor Zegras in Rangers zone.
12:30 of 3rd period - John Carlson is hit by Ryan Lindgren and loses puck.
12:44 of 3rd period - Trevor Zegras is hit by John Carlson and loses puck.
13:07 of 3rd period - Shot by Pierre-Luc Dubois.
13:07 of 3rd period - Stopped by Frederik Andersen without a rebound.
13:08 of 3rd period - Colton Sceviour wins face-off versus Pierre-Luc Dubois in Canadiens zone.
13:13 of 3rd period - Joel Farabee is hit by Colton Sceviour.
13:30 of 3rd period - Shot by Samuel Girard.
13:30 of 3rd period - Stopped by Frederik Andersen without a rebound.
13:31 of 3rd period - Radek Faksa wins face-off versus Trevor Zegras in Canadiens zone.
13:54 of 3rd period - Joel Kiviranta is hit by John Carlson.
13:58 of 3rd period - Shot by Nicolas Deslauriers.
13:58 of 3rd period - Stopped by Frederik Andersen with a rebound.
14:14 of 3rd period - Shot by Mitch Marner.
14:14 of 3rd period - Stopped by Keith Kinkaid without a rebound.
14:15 of 3rd period - Trevor Zegras wins face-off versus Radek Faksa in Rangers zone.
15:05 of 3rd period - Bowen Byram is hit by Joakim Nordstrom and loses puck.
15:06 of 3rd period - Bowen Byram from Rangers is injured at 15:06 of 3rd period (Right Hip).
15:07 of 3rd period - Pierre-Luc Dubois wins face-off versus Adam Henrique in Rangers zone.
15:16 of 3rd period - Shot by Joel Farabee.
15:16 of 3rd period - Shot Misses the Net.
15:32 of 3rd period - Shot by Andrew Copp.
15:32 of 3rd period - Shot Misses the Net.
15:34 of 3rd period - Shot by Carson Soucy.
15:34 of 3rd period - Shot Misses the Net.
15:36 of 3rd period - Shot by Carson Soucy.
15:36 of 3rd period - Shot Misses the Net.
16:05 of 3rd period - Icing by Ryan Lindgren.
16:06 of 3rd period - Brayden Schenn wins face-off versus Pierre-Luc Dubois in Rangers zone.
16:10 of 3rd period - Icing by Alexandre Carrier.
16:11 of 3rd period - Pierre-Luc Dubois wins face-off versus Brayden Schenn in Rangers zone.
16:11 of 3rd period - Pierre-Luc Dubois is hit by Brayden Schenn.
16:19 of 3rd period - Icing by Clayton Keller.
16:20 of 3rd period - Brayden Schenn wins face-off versus Trevor Zegras in Canadiens zone.
16:34 of 3rd period - Icing by Samuel Girard.
16:35 of 3rd period - Nils Hoglander wins face-off versus Auston Matthews in Rangers zone.
17:58 of 3rd period - Alex Chiasson is hit by Radek Faksa and loses puck.
18:28 of 3rd period - Joel Kiviranta is hit by Joakim Nordstrom.
19:10 of 3rd period - Shot by Pierre-Luc Dubois.
19:10 of 3rd period - Shot Misses the Net.
19:12 of 3rd period - Shot by Pierre-Luc Dubois.
19:12 of 3rd period - Shot Misses the Net.
19:14 of 3rd period - Shot by Dylan Coghlan.
19:14 of 3rd period - Shot Misses the Net.
19:16 of 3rd period - Shot by Pierre-Luc Dubois.
19:16 of 3rd period - Stopped by Frederik Andersen without a rebound.
19:17 of 3rd period - Trevor Zegras wins face-off versus Brayden Schenn in Canadiens zone.
19:17 of 3rd period - Dylan Coghlan is hit by Carson Soucy and loses puck.
19:30 of 3rd period - Shot by Jonathan Huberdeau.
19:30 of 3rd period - Shot Misses the Net.
19:32 of 3rd period - Shot by Carson Soucy.
19:32 of 3rd period - Shot Blocked by Jeff Skinner.
19:38 of 3rd period - Shot by Brayden Schenn.
19:38 of 3rd period - Shot Misses the Net.
19:48 of 3rd period - Shot by Brayden Schenn.
19:48 of 3rd period - Shot Blocked by Trevor Zegras.
19:50 of 3rd period - Shot by Jonathan Huberdeau.
19:50 of 3rd period - Shot Blocked by Nils Hoglander.
Goals for this period are 0 for Rangers vs 0 for Canadiens.
Shots for this period are 8 for Rangers vs 6 for Canadiens.

Overtime #1


0:01 of 1st overtime period - Auston Matthews wins face-off versus Gabriel Vilardi in neutral zone.
0:10 of 1st overtime period - Shot by Jonathan Huberdeau.
0:10 of 1st overtime period - Shot Misses the Net.
0:12 of 1st overtime period - Shot by John Carlson.
0:12 of 1st overtime period - Shot Blocked by Ryan Lindgren.
0:24 of 1st overtime period - Shot by John Carlson.
0:24 of 1st overtime period - Stopped by Keith Kinkaid without a rebound.
0:25 of 1st overtime period - Auston Matthews wins face-off versus Gabriel Vilardi in Rangers zone.
0:28 of 1st overtime period - Shot by Mitch Marner.
0:28 of 1st overtime period - Shot Misses the Net.
0:40 of 1st overtime period - Shot by Ryan Lindgren.
0:40 of 1st overtime period - Stopped by Frederik Andersen with a rebound.
1:36 of 1st overtime period - Shot by Brayden Schenn.
1:36 of 1st overtime period - Shot Misses the Net.
1:46 of 1st overtime period - Shot by Ryan Reaves.
1:46 of 1st overtime period - Shot Misses the Net.
1:48 of 1st overtime period - Shot by Ryan Reaves.
1:48 of 1st overtime period - Stopped by Frederik Andersen without a rebound.
1:49 of 1st overtime period - Andrew Copp wins face-off versus Marcus Johansson in Canadiens zone.
2:23 of 1st overtime period - Shot by Marcus Johansson.
2:23 of 1st overtime period - Shot Blocked by Jake Muzzin.
2:25 of 1st overtime period - Shot by Nils Hoglander.
2:25 of 1st overtime period - Shot Misses the Net.
2:27 of 1st overtime period - Shot by Samuel Girard.
2:27 of 1st overtime period - Stopped by Frederik Andersen without a rebound.
2:28 of 1st overtime period - Auston Matthews wins face-off versus Gabriel Vilardi in Canadiens zone.
2:42 of 1st overtime period - Icing by Ryan Lindgren.
2:43 of 1st overtime period - Gabriel Vilardi wins face-off versus Auston Matthews in Rangers zone.
2:56 of 1st overtime period - Shot by Trevor Zegras.
2:56 of 1st overtime period - Stopped by Frederik Andersen without a rebound.
2:57 of 1st overtime period - Pierre-Luc Dubois wins face-off versus Auston Matthews in Canadiens zone.
3:05 of 1st overtime period - Icing by Mitch Marner.
3:06 of 1st overtime period - Auston Matthews wins face-off versus Gabriel Vilardi in Canadiens zone.
3:32 of 1st overtime period - Icing by Gabriel Vilardi.
3:33 of 1st overtime period - Auston Matthews wins face-off versus Gabriel Vilardi in Rangers zone.
3:40 of 1st overtime period - Shot by Jonathan Huberdeau.
3:40 of 1st overtime period - Shot Blocked by Ryan Lindgren.
3:42 of 1st overtime period - Shot by Jonathan Huberdeau.
3:42 of 1st overtime period - Shot Misses the Net.
3:44 of 1st overtime period - Shot by Auston Matthews.
3:44 of 1st overtime period - Shot Blocked by Ryan Lindgren.
3:46 of 1st overtime period - Shot by Auston Matthews.
3:46 of 1st overtime period - Stopped by Keith Kinkaid without a rebound.
3:47 of 1st overtime period - Pierre-Luc Dubois wins face-off versus Jonathan Huberdeau in Rangers zone.
3:54 of 1st overtime period - Shot by Ryan Reaves.
3:54 of 1st overtime period - Stopped by Frederik Andersen without a rebound.
3:55 of 1st overtime period - Gabriel Vilardi wins face-off versus Auston Matthews in Canadiens zone.
4:06 of 1st overtime period - Shot by Auston Matthews.
4:06 of 1st overtime period - Shot Blocked by Dylan Coghlan.
4:08 of 1st overtime period - Shot by Mitch Marner.
4:08 of 1st overtime period - Shot Misses the Net.
4:10 of 1st overtime period - Shot by Auston Matthews.
4:10 of 1st overtime period - Stopped by Keith Kinkaid with a rebound.
4:24 of 1st overtime period - Shot by Gabriel Vilardi.
4:24 of 1st overtime period - Shot Misses the Net.
Goals for this period are 0 for Rangers vs 0 for Canadiens.
Shots for this period are 5 for Rangers vs 3 for Canadiens.

ShootOut


5:00 of 1st overtime period - Round #1.
5:00 of 1st overtime period - Rangers, Pierre-Luc Dubois.
5:00 of 1st overtime period - Stopped by Frederik Andersen.
5:00 of 1st overtime period - Canadiens, Auston Matthews.
5:00 of 1st overtime period - Stopped by Keith Kinkaid.
5:00 of 1st overtime period - Round #2.
5:00 of 1st overtime period - Rangers, Joel Farabee.
5:00 of 1st overtime period - Stopped by Frederik Andersen.
5:00 of 1st overtime period - Canadiens, Clayton Keller.
5:00 of 1st overtime period - Goal by Clayton Keller.
5:00 of 1st overtime period - Round #3.
5:00 of 1st overtime period - Rangers, Trevor Zegras.
5:00 of 1st overtime period - Stopped by Frederik Andersen.